 Dungeon Crawl Stone Soup version 0.31-a0-981-geadf994542 (webtiles) character file.

Game seed: 15432758145482531375

213606 p00ps00p the Executioner (level 18, -16/179 HPs)
             Began as a Hill Orc Fighter on Oct 31, 2023.
             Was an Initiate of Gozag.
             Demolished by a nagaraja
             ... wielding a +0 halberd
              (18 damage)
             ... on level 4 of the Snake Pit on Nov 1, 2023.
             The game lasted 01:17:24 (38653 turns).

p00ps00p the Executioner (Hill Orc Fighter)        Turns: 38653, Time: 01:17:24

Health: -16/179    AC: 27    Str: 30    XL:     18   Next: 96%
Magic:  18/18      EV:  6    Int:  5    God:    Gozag
Gold:   2737       SH: 20    Dex: 10    Spells: 17/17 levels left

rFire   . . .        r - +3 war axe (vamp)
rCold   x . .        t - +1 tower shield
rNeg    . . .        U - +1 chain mail {rPois}
rPois   .            y - +2 helmet
rElec   .            h - +0 cloak "Hoho" {+Inv rC- Will+ Slay+3}
rCorr   +            o - +2 pair of gloves of Twilight {Contam Rampage Regen+ Str+3}
SInv    .            I - +0 pair of boots
Will    ++...        g - amulet of Egeotod {RegenMP +Blink rCorr Int-3 Slay+4} Stlth
                     Y - +4 ring of slaying
HPRegen 1.29/turn    i - ring of flight
MPRegen 0.56/turn

%: rampage
@: lethally poisoned (-16 -> -37), weakened, poison vulnerable, gold aura,
flying, constricted
A: no striking features
}: 1/15 runes: decaying
a: Renounce Religion, Evoke Blink, Evoke Invisibility, Potion Petition, Call
Merchant, Bribe Branch


You were on level 4 of the Snake Pit.
You worshipped Gozag.
Gozag was most pleased with you.
You visited 6 branches of the dungeon, and saw 30 of its levels.
You also visited: Sewer, Ossuary and Bailey.

You collected 11859 gold pieces.
You spent 2261 gold pieces at shops.
You paid 6861 gold pieces to Gozag.

Inventory:

Hand Weapons
 a - a +5 war axe of venom
 r - a +3 vampiric war axe (weapon)
 B - a +0 broad axe of flaming
 F - a +0 broad axe of pain
 L - a +1 antimagic broad axe
Missiles
 n - 8 atropa-tipped darts
 S - 5 curare-tipped darts
Armour
 h - the +0 cloak "Hoho" (worn) {+Inv rC- Will+ Slay+3}
   (You bought it in a shop on level 4 of the Swamp)

   Slay+3:    It affects your accuracy & damage with ranged weapons and melee
   (+3).
   rC-:       It makes you vulnerable to cold.
   Will+:     It increases your willpower.
   +Inv:      It lets you turn invisible.
 m - a +1 chain mail of fire resistance
 o - the +2 pair of gloves of Twilight (worn) {Contam Rampage Regen+ Str+3}
   (You bought it in a shop on level 1 of the Orcish Mines)

   Str+3:     It affects your strength (+3).
   Contam:    It causes magical contamination when unequipped.
   Regen+:    It increases your rate of health regeneration.
   Rampage:   It bestows one free step when moving towards enemies.
 t - a +1 tower shield (worn)
 y - a +2 helmet (worn)
 I - a +0 pair of boots (worn)
 U - a +1 chain mail of poison resistance (worn)
Jewellery
 g - the amulet of Egeotod (around neck) {RegenMP +Blink rCorr Int-3 Slay+4}
   (You found it on level 3 of the Snake Pit)

   [amulet of magic regeneration]

   RegenMP:   It increases your rate of magic regeneration.
   Int-3:     It affects your intelligence (-3).
   Slay+4:    It affects your accuracy & damage with ranged weapons and melee
   (+4).
   +Blink:    It lets you blink.
   rCorr:     It protects you from acid and corrosion.
 i - a ring of flight (right hand)
 T - an amulet of reflection
 Y - a +4 ring of slaying (left hand)
Wands
 l - a wand of roots (10)
 p - a wand of flame (175)
 s - a wand of light (7)
 v - a wand of mindburst (49)
 x - a wand of polymorph (33)
 P - a wand of charming (15)
 X - a wand of digging (13)
Scrolls
 c - 2 scrolls of fear
 d - 11 scrolls of teleportation
 u - a scroll of enchant weapon
 A - 3 scrolls of poison
 E - 7 scrolls of fog
 G - 9 scrolls of identify
 J - 3 scrolls of enchant armour
 N - 2 scrolls of revelation
 V - 2 scrolls of silence
Potions
 e - 2 potions of berserk rage
 f - 7 potions of enlightenment
 j - 5 potions of magic
 k - a potion of might
 q - 4 potions of mutation
 z - 13 potions of curing
 C - 3 potions of cancellation
 D - a potion of invisibility
 K - 8 potions of haste
 M - 3 potions of ambrosia
 Q - 5 potions of brilliance
 R - 3 potions of resistance
Miscellaneous
 b - a condenser vane (inert)
 w - a phial of floods
 H - a box of beasts


   Skills:
 + Level 20.3 Fighting
 + Level 21.7 Axes
 + Level 18.8 Armour
 + Level 18.7 Shields


You had 17 spell levels left.
You didn't know any spells.
Your spell library contained the following spells:

 Spells                   Type           Power      Damage    Failure   Level
 Apportation              Tloc           0%         N/A       91%         1
 Freeze                   Ice            0%         1d3       91%         1
 Magic Dart               Conj           0%         1d3       91%         1
 Necrotise                Necr           0%         1d4       91%         1
 Shock                    Conj/Air       0%         1d3       91%         1
 Slow                     Hex            0%         N/A       91%         1
 Sting                    Tmut/Pois      0%         1d3       91%         1
 Summon Small Mammal      Summ           0%         N/A       91%         1
 Cigotuvi's Dreadful Rot  Necr/Pois/Air  0%         N/A       97%         2
 Poisonous Vapours        Pois/Air       0%         N/A       97%         2
 Searing Ray              Conj           0%         2d4       97%         2
 Wereblood                Tmut           0%         N/A       97%         2
 Confusing Touch          Hex            0%         N/A       100%        3
 Dazzling Flash           Conj/Hex       0%         N/A       100%        3
 Frozen Ramparts          Ice            0%         1d1       100%        3
 Hailstorm                Conj/Ice       0%         3d3       100%        3
 Ignite Poison            Fire/Tmut/Pois 0%         N/A       100%        3
 Sigil of Binding         Hex            0%         N/A       100%        3
 Stone Arrow              Conj/Erth      0%         3d7       100%        3
 Summon Guardian Golem    Hex/Summ       0%         N/A       100%        3
 Swiftness                Air            0%         N/A       100%        3
 Vampiric Draining        Necr           0%         2d6       100%        3
 Volatile Blastmotes      Fire/Tloc      0%         2d10      100%        3
 Airstrike                Air            0%         2d(0-16)  100%        4
 Anguish                  Hex/Necr       0%         N/A       100%        4
 Animate Armour           Summ/Erth      0%         N/A       100%        4
 Brom's Barrelling Bould  Conj/Erth      0%         2d3       100%        4
 Cause Fear               Hex            0%         N/A       100%        4
 Dispel Undead            Necr           0%         3d6       100%        4
 Fulminant Prism          Conj/Hex       0%         3d5       100%        4
 Olgreb's Toxic Radiance  Pois           0%         N/A       100%        4
 Summon Ice Beast         Ice/Summ       0%         N/A       100%        4
 Vhi's Electric Charge    Tloc/Air       0%         N/A       100%        4
 Agony                    Necr           0%         N/A       100%        5
 Arcjolt                  Conj/Air       0%         1d10      100%        5
 Borgnjor's Vile Clutch   Necr/Erth      0%         N/A       100%        5
 Fireball                 Conj/Fire      0%         3d3       100%        5
 Freezing Cloud           Conj/Ice/Air   0%         6-21      100%        5
 Irradiate                Conj/Tmut      0%         3d11      100%        5
 Iskenderun's Battlesphe  Conj           0%         2d6       100%        5
 Silence                  Hex/Air        0%         N/A       100%        5
 Summon Mana Viper        Hex/Summ       0%         N/A       100%        5
 Bombard                  Conj/Erth      0%         9d1       100%        6
 Conjure Ball Lightning   Conj/Air       0%         3x3d6     100%        6
 Death Channel            Necr           0%         N/A       100%        6
 Starburst                Conj/Fire      0%         6d3       100%        6
 Enfeeble                 Hex            0%         N/A       100%        7
 Monstrous Menagerie      Summ           0%         N/A       100%        7
 Orb of Destruction       Conj           0%         9d5       100%        7
 Spellforged Servitor     Conj/Summ      0%         N/A       100%        7
 Lehudib's Crystal Spear  Conj/Erth      0%         10d2      100%        8
 Maxwell's Capacitive Co  Air            0%         ∞         100%        8
 Simulacrum               Ice/Necr       Unusable   N/A       N/A         6

Dungeon Overview and Level Annotations

Branches:
Dungeon (14/15)            Temple (1/1) D:7            Lair (5/5) D:8
  Swamp (4/4) Lair:2        Snake (4/4) Lair:2        Slime (0/5) Lair:5
    Orc (2/2) D:10            Elf (0/3) Orc:2        Vaults (0/5) D:14
  Sewer (visited)         Ossuary (visited)          Bailey (visited)

Altars:
Ashenzari
Cheibriados
Dithmenos
Elyvilon
Fedhas
Gozag
Hepliaklqana
Kikubaaqudgha
Makhleb
Nemelex Xobeh
Okawaru
Qazlal
Ru
Sif Muna
Trog
Uskayaw
Vehumet
Wu Jian
Xom
Yredelemnul
Zin
The Shining One

Shops:
D:2 **   D:4 *   D:10 ?[   D:12 =   D:14 (   Orc:1 [   Orc:2 :[(*   Lair:3 (
Swamp:2 (   Swamp:4 [   Snake:1 (   Snake:2 =:=   Snake:4 !

Portals:
Trove: D:12 (give +4 ice dragon scales)

Annotations:
Lair:1 3 runed translucent doors
Lair:5 2 transporters, Giseadgh's ghost, adept FoFi
Snake:2 2 transporters, exclusion: orange crystal statue
Snake:3 2 transporters, osoart's ghost, adept VSFi


Message History

The naga sharpshooter seems to regain its courage.
The nagaraja hits you but does no damage.
The naga sharpshooter shoots an arrow.
The arrow hits you!
* * * LOW HITPOINT WARNING * * *
The nagaraja constricts you.
* * * LOW HITPOINT WARNING * * *
The nagaraja casts a spell at you.
The bolt of poison hits the naga sharpshooter!
The bolt of poison hits you.
You are poisoned.
* * * LOW HITPOINT WARNING * * *
Clouds condense from the air!
The condenser dries out!
You feel very sick.
The naga sharpshooter shoots an arrow.
You block the arrow.
The nagaraja hits you from afar with a +0 halberd!
* * * LOW HITPOINT WARNING * * *
The naga sharpshooter is engulfed in freezing vapours.
The naga sharpshooter shoots a bolt.
You block the bolt.
The nagaraja is engulfed in blazing flames.
The nagaraja constricts you.
* * * LOW HITPOINT WARNING * * *
You feel much better.
You feel very sick. The nagaraja casts a spell at you.
The bolt of poison misses the naga sharpshooter.
The bolt of poison hits you!!
You are more poisoned.
* * * LOW HITPOINT WARNING * * *
The naga sharpshooter shoots an arrow.
You block the arrow.
The nagaraja is engulfed in blazing flames.
The nagaraja constricts you.
* * * LOW HITPOINT WARNING * * *
The naga sharpshooter is engulfed in freezing vapours.
The naga sharpshooter gestures wildly while chanting.
The naga sharpshooter magically shoots a bolt.
The bolt hits you.
* * * LOW HITPOINT WARNING * * *
The nagaraja hits you from afar with a +0 halberd!!
You die...
Your body crumbles into a pile of gold.

....##........####...#..........#
....##.....######.####.##########
...###....##..##.### ###
....#.#...#N..N##..# ..
......#####§..§§#### ..⌠
..).....##......§# ....
).#.#....#...#$$$# .....
.).##....#..##$$§#....8.
...#.....#).###§@NN.....
###......#..# #§N$.§⌠...
##..#..#..# #.§..§....
###[..#))#..####.#.§N§8.
#.....#.)#..##.####§.§..
......#.....#.....#.....
.####^#....###....##...⌠
..##.##....#.......###..
.....###..##.####..(.###


You could see 2 nagarajas, a naga warrior (fleeing), 2 naga sharpshooters and a
naga (fleeing).

Vanquished Creatures
  Vashnia (Snake:2)
  Saint Roka (Orc:1)
  Jorgrun (Snake:2)
  2 thorn hunters
  Gastronok (D:10)
  A tengu reaver (D:14)
  A fenstrider witch (Swamp:3)
  Aizul (Snake:3)
  Kirke (Snake:3)
  A nagaraja (Snake:2)
  An orc warlord (Orc:2)
  5 eleionomae
  Nessos (Lair:4)
  5 bunyips
  2 shambling mangroves (Swamp:4)
  Josephine (Lair:5)
  Harold (Lair:2)
  23 hydras
  17 anacondas
  3 vault guards
  5 salamander tyrants
  2 ghost crabs (Swamp:3)
  9 alligators
  10 naga warriors
  6 two-headed ogres
  4 boulder beetles
  Urug (Lair:5)
  4 orc high priests (Orc:2)
  15 naga sharpshooters
  16 shock serpents
  5 skeletal warriors (D:12)
  7 spriggan druids
  6 salamander mystics
  A sea snake (Snake:1)
  4 goliath frogs
  13 swamp dragons
  4 bog bodies
  Pikel (D:5)
  3 naga ritualists (Snake:4)
  3 lindwurms
  2 orc knights
  7 orc sorcerers
  3 cyclopes
  2 manticores
  7 ugly things
  8 mana vipers
  A wolf spider (Lair:1)
  28 salamanders
  4 will-o-the-wisps
  4 elephants (Lair:3)
  39 black mambas
  6 guardian serpents
  15 naga magi
  A gargoyle (D:12)
  13 cane toads
  2 unseen horrors
  Maggie (D:6)
  5 rime drakes
  An efreet (D:14)
  A kobold demonologist (D:12)
  8 komodo dragons
  5 trolls
  3 meliai (D:13)
  14 tyrant leeches
  6 polar bears
  11 hornets
  Prince Ribbit (Bailey)
  12 blink frogs
  4 dream sheep (Lair:5)
  Grinder (D:6)
  A slime creature (D:14)
  3 jumping spiders (Lair:1)
  3 wyverns
  4 vampires
  4 basilisks
  8 wraiths
  21 spriggans
  7 hogs (Snake:3)
  7 humans (Bailey)
  55 yaks
  A redback (Lair:1)
  2 steam dragons
  16 vampire mosquitoes
  Menkaure (D:6)
  5 wargs
  Edmund (D:5)
  47 nagas
  3 acid dragons
  16 swamp worms
  13 water moccasins
  Duvessa (D:5)
  An ice beast (D:5)
  A sky beast (D:7)
  6 swamp drakes
  30 orc warriors
  16 wolves (Lair:5)
  4 boggarts (Lair:5)
  6 ogres
  3 black bears
  5 centaurs
  3 phantoms
  6 kobold brigands
  Blork the orc (D:5)
  17 bullfrogs
  3 scorpions
  4 gnoll sergeants
  2 water moccasin zombies (Ossuary)
  Dowan (D:5)
  3 killer bees (D:8)
  7 howler monkeys
  3 centaur zombies (Ossuary)
  3 bullfrog zombies (Ossuary)
  A human zombie (Ossuary)
  3 hounds
  3 jellies
  Crazy Yiuf (D:5)
  18 orc priests
  4 iguanas
  2 sleepcaps
  Jessica (D:3)
  Ijyb (D:5)
  24 orc wizards
  2 scorpion zombies (Ossuary)
  An ogre zombie (Ossuary)
  5 adders
  15 gnolls
  A shadow imp (D:8)
  A white imp (D:7)
  4 adder zombies (Ossuary)
  4 worms
  5 dart slugs
  76 orcs
  8 bats
  13 endoplasms
  12 giant cockroaches
  3 gnoll zombies (Ossuary)
  10 goblins
  10 hobgoblins
  13 quokkas
  17 ball pythons
  6 frilled lizards
  4 goblin zombies (Ossuary)
  11 kobolds
  5 orc zombies (Ossuary)
  20 rats
1052 creatures vanquished.

Vanquished Creatures (others)
  A bunyip (Swamp:3)
  A goliath frog (Swamp:3)
  A spriggan druid (Swamp:4)
  A swamp dragon (Swamp:3)
  A salamander (Snake:2)
  A bloated husk (Swamp:2)
  A spriggan (Swamp:4)
  A naga (Snake:4)
  An orc (Orc:2)
  33 foxfires
  17 spectral weapons
59 creatures vanquished.

Grand Total: 1111 creatures vanquished

Notes
Turn   | Place    | Note
-------+----------+-------------------------------------------
     0 | D:1      | p00ps00p the Hill Orc Fighter began the quest for the Orb.
     0 | D:1      | Reached XP level 1. HP: 19/19 MP: 1/1
   123 | D:1      | Reached XP level 2. HP: 18/27 MP: 2/2
   171 | D:1      | Reached skill level 3 in Axes
   789 | D:1      | Found a faded altar of an unknown god.
   860 | D:2      | Found Noj Ytie's General Store.
   881 | D:2      | Reached XP level 3. HP: 33/33 MP: 3/3
  1588 | D:3      | Reached XP level 4. HP: 37/40 MP: 4/4
  1612 | D:3      | Noticed Jessica
  1625 | D:3      | Killed Jessica
  1829 | D:3      | Reached skill level 4 in Axes
  1831 | D:3      | Reached XP level 5. HP: 47/47 MP: 5/5
  1882 | D:3      | Found a glowing drain.
  1919 | Sewer    | Entered a sewer
  2689 | Sewer    | Reached skill level 5 in Fighting
  2689 | Sewer    | Reached XP level 6. HP: 29/56 MP: 6/6
  3126 | D:3      | Reached skill level 5 in Axes
  3203 | D:3      | You are sucked into a shaft and drop 2 floors!
  3203 | D:5      | Entered Level 5 of the Dungeon
  3214 | D:5      | Reached skill level 5 in Armour
  3330 | D:5      | Noticed Blork the orc
  3345 | D:5      | Killed Blork the orc
  3346 | D:5      | Reached skill level 5 in Shields
  3346 | D:5      | Reached XP level 7. HP: 40/61 MP: 7/7
  3557 | D:5      | Noticed Duvessa
  3559 | D:5      | Noticed Dowan
  3566 | D:5      | Killed Duvessa
  3575 | D:5      | Killed Dowan
  3576 | D:5      | Reached skill level 6 in Axes
  3792 | D:5      | Noticed Edmund
  3800 | D:5      | Killed Edmund
  3801 | D:5      | Reached XP level 8. HP: 64/71 MP: 8/8
  3974 | D:5      | Noticed Ijyb
  3984 | D:5      | Killed Ijyb
  4147 | D:5      | Reached skill level 7 in Axes
  4359 | D:5      | Noticed Pikel
  4371 | D:5      | Killed Pikel
  4372 | D:5      | Reached XP level 9. HP: 56/80 MP: 9/9
  4645 | D:5      | Found an ancient bone altar of Kikubaaqudgha.
  4721 | D:5      | Found a runed translucent door.
  4722 | D:5      | Noticed Crazy Yiuf
  4827 | D:5      | Identified the +4 ring mail of the First Quests {rN+}
  4946 | D:5      | Killed Crazy Yiuf
  5217 | D:5      | Identified a scroll of acquirement
  5217 | D:5      | Acquired 435 gold pieces
  5290 | D:4      | Reached skill level 8 in Axes
  5400 | D:4      | Found a sand-covered staircase.
  5410 | Ossuary  | Entered an ossuary
  5567 | Ossuary  | Noticed a silent spectre
  5993 | D:4      | Found Zoqyptuer's Assorted Antiques.
  6108 | D:4      | Found a glowing silver altar of Zin.
  6337 | D:3      | Found a white marble altar of Elyvilon.
  6547 | D:6      | Reached skill level 9 in Axes
  6905 | D:6      | Noticed Grinder
  6906 | D:6      | Noticed Menkaure
  6913 | D:6      | Killed Grinder
  6913 | D:6      | Killed Menkaure
  6914 | D:6      | Reached XP level 10. HP: 88/91 MP: 10/10
  7144 | D:6      | Noticed Maggie
  7157 | D:6      | Killed Maggie
  7722 | D:7      | Found a staircase to the Ecumenical Temple.
  7893 | D:8      | Found a flagged portal.
  7906 | D:8      | Reached skill level 10 in Axes
  7914 | Bailey   | Entered a bailey
  8059 | Bailey   | Reached skill level 10 in Fighting
  8292 | Bailey   | Noticed a vault guard
  8303 | Bailey   | Killed a vault guard
  8635 | Bailey   | Noticed a vault guard
  8635 | Bailey   | Noticed Prince Ribbit
  8652 | Bailey   | Killed a vault guard
  8653 | Bailey   | Reached skill level 11 in Axes
  8653 | Bailey   | Reached XP level 11. HP: 38/101 MP: 11/11
  8653 | Bailey   | Killed Prince Ribbit
  8910 | D:8      | Reached skill level 10 in Armour
  9006 | D:8      | Noticed a two-headed ogre
  9014 | D:8      | Killed a two-headed ogre
  9015 | D:8      | Reached skill level 10 in Shields
  9026 | Temple   | Entered the Ecumenical Temple
  9069 | Temple   | Became a worshipper of Gozag Ym Sagoz the Greedy
  9278 | D:8      | Found a staircase to the Lair.
  9567 | D:8      | Found a bloodstained altar of Trog.
 10221 | D:2      | Bought a +0 cloak of preservation for 138 gold pieces
 10503 | D:9      | Noticed a two-headed ogre
 10510 | D:9      | Killed a two-headed ogre
 10575 | D:9      | Found a hide-covered altar of Uskayaw.
 10589 | D:9      | Reached skill level 12 in Axes
 10803 | D:9      | Noticed a two-headed ogre
 10810 | D:9      | Killed a two-headed ogre
 11136 | D:10     | Entered Level 10 of the Dungeon
 11286 | D:10     | Found Zik Qaast's Magic Scroll Boutique.
 11298 | D:10     | Bought a scroll of enchant weapon for 112 gold pieces
 11330 | D:10     | Noticed Gastronok
 11345 | D:10     | Killed Gastronok
 11439 | D:10     | Reached XP level 12. HP: 93/112 MP: 12/12
 11519 | D:10     | Found a staircase to the Orcish Mines.
 12207 | D:10     | Found a broken altar of Ashenzari.
 12219 | D:10     | Found a hazy altar of Hepliaklqana.
 12392 | D:10     | Noticed a two-headed ogre
 12399 | D:10     | Killed a two-headed ogre
 12400 | D:10     | Reached skill level 13 in Axes
 12591 | D:10     | Bought a +2 cloak of willpower for 301 gold pieces
 12788 | D:11     | HP: 5/113 [brown ugly thing (9)]
 12788 | D:11     | HP: 1/113 [yak (4)]
 13244 | D:11     | Noticed a boulder beetle
 13290 | D:11     | Killed a boulder beetle
 13971 | D:12     | Identified the "Fuodorche"
 13971 | IceCv    | Identified the "Abubum"
 13971 | D:15     | Identified the "Wodobb"
 13971 | Orc:1    | Entered Level 1 of the Orcish Mines
 14331 | D:10     | Bought a +1 chain mail of poison resistance for 189 gold
                  | pieces
 14331 | D:10     | Bought a +0 pair of gloves of stealth for 161 gold pieces
 14395 | Orc:2    | Entered Level 2 of the Orcish Mines
 14401 | Orc:2    | Noticed an orc high priest
 14405 | Orc:2    | Noticed Saint Roka
 15161 | Orc:2    | Noticed a soul eater
 15161 | Orc:2    | Noticed a sun demon
 15162 | Orc:2    | Reached skill level 14 in Axes
 15510 | Orc:1    | Reached XP level 13. HP: 103/122 MP: 13/13
 16414 | Orc:1    | HP: 6/122 [Saint Roka/+0 battleaxe (16)]
 16418 | Orc:1    | Killed Saint Roka
 17124 | Orc:2    | Found Daisaopn's Antique Armour Shop.
 17182 | Orc:2    | Found Nuukhlei's Book Emporium.
 17206 | Orc:2    | Found Jobleh's Antique Weapon Emporium.
 17351 | Orc:2    | Found a staircase to the Elven Halls.
 17625 | Orc:2    | Found Ginao's General Store.
 17625 | Orc:2    | Noticed an orc warlord
 17646 | Orc:2    | Killed an orc warlord
 17647 | Orc:2    | Reached skill level 15 in Axes
 18605 | Orc:1    | Bought the +2 pair of gloves of Twilight {Contam Rampage
                  | Regen+ Str+3} for 333 gold pieces
 18800 | Lair:1   | Entered Level 1 of the Lair of Beasts
 18890 | Lair:1   | Found a runed translucent door.
 19437 | Lair:1   | Found a runed translucent gate.
 19437 | Lair:1   | Found a runed translucent gate.
 19437 | Lair:1   | Found a runed translucent gate.
 19437 | Lair:1   | Found a runed translucent gate.
 19437 | Lair:1   | Found a runed translucent gate.
 19438 | Lair:1   | Found a runed translucent gate.
 19447 | Lair:1   | Reached XP level 14. HP: 112/133 MP: 14/14
 20201 | Lair:2   | Found a staircase to the Swamp.
 20204 | Lair:2   | Noticed Harold
 20275 | Lair:2   | Reached skill level 16 in Axes
 20276 | Lair:2   | Reached skill level 15 in Fighting
 20371 | Lair:2   | Killed Harold
 20748 | Lair:2   | Found a staircase to the Snake Pit.
 21280 | Lair:3   | Bought a crystal battleaxe for 356 gold pieces
 21280 | Lair:3   | Identified the +3 battleaxe of Liuxill {freeze, rN+ Will+
                  | Int+3} (You bought it in a shop on level 3 of the Lair of
                  | Beasts)
 21280 | Lair:3   | Bought a glowing broad axe for 217 gold pieces
 21877 | Lair:4   | Noticed Nessos
 22115 | Lair:4   | Killed Nessos
 22956 | Lair:5   | Entered Level 5 of the Lair of Beasts
 22956 | Lair:5   | Noticed Josephine
 22963 | Lair:5   | Killed Josephine
 22973 | Lair:5   | Found a transporter.
 22996 | Lair:5   | Found a transporter.
 23001 | Lair:5   | Found a bloodstained altar of Trog.
 23001 | Lair:5   | Noticed Giseadgh's ghost (adept FoFi)
 23232 | Lair:5   | Reached skill level 17 in Axes
 23242 | Lair:5   | Reached XP level 15. HP: 110/143 MP: 15/15
 23502 | Lair:5   | Identified the +5 scale mail "Puheg" {rElec rF- Int+5}
 23888 | Lair:5   | Noticed Urug
 23908 | Lair:5   | Reached skill level 15 in Armour
 23926 | Lair:5   | Killed Urug
 23929 | Lair:5   | Reached skill level 15 in Shields
 23986 | Lair:5   | Found a staircase to the Slime Pits.
 24612 | D:12     | Identified the +6 sling of Doubt {drain, Drain rElec SInv}
 25263 | D:12     | Found a portal to a secret trove of treasure.
 26748 | D:14     | Reached skill level 18 in Axes
 26764 | D:14     | Identified the +1 pair of gloves "Lingiolu" {Stlth+}
 26917 | D:14     | Found a gate to the Vaults.
 26917 | D:14     | Noticed a tengu reaver
 26927 | D:14     | Killed a tengu reaver
 27176 | D:14     | Found Ugiats's Antique Weapon Boutique.
 27195 | D:14     | HP: 4/146 [titanic slime creature (65)]
 27873 | Swamp:1  | Entered Level 1 of the Swamp
 28222 | Swamp:1  | Reached XP level 16. HP: 29/155 MP: 16/16
 29782 | Swamp:2  | Noticed a thorn hunter
 30111 | Swamp:2  | Killed a thorn hunter
 31087 | Swamp:3  | Reached skill level 19 in Axes
 31446 | Swamp:3  | Identified the +1 flail of the Hills {speed, Dex+5 Stlth-}
 31448 | Swamp:3  | Identified the +1 barding of Adey {rF+ Str+3 Stlth+}
 31564 | Swamp:4  | Entered Level 4 of the Swamp
 31564 | Swamp:4  | Noticed a fenstrider witch
 31572 | Swamp:3  | Paralysed by a fenstrider witch for 2 turns
 31582 | Swamp:3  | Killed a fenstrider witch
 31593 | Swamp:4  | Noticed a thorn hunter
 31749 | Swamp:4  | Killed a thorn hunter
 32270 | Swamp:4  | Reached XP level 17. HP: 160/165 MP: 17/17
 32345 | Swamp:4  | Got a decaying rune of Zot
 32469 | Swamp:4  | Identified the +1 scale mail "Ywe Riti" {rF+ rCorr Dex+4
                  | Slay+3}
 32868 | Swamp:4  | Bought the +0 cloak "Hoho" {+Inv rC- Will+ Slay+3} for 386
                  | gold pieces
 33007 | Snake:1  | Entered Level 1 of the Snake Pit
 33253 | Snake:1  | Found Qumnuk's Weapon Boutique.
 33309 | Snake:1  | Bought 4 datura-tipped darts for 68 gold pieces
 33333 | Snake:1  | Reached skill level 20 in Axes
 33658 | Snake:1  | Found a runed translucent gate.
 33658 | Snake:1  | Found a runed translucent gate.
 33658 | Snake:1  | Found a runed translucent gate.
 34486 | Snake:2  | Found a transporter.
 34522 | Snake:2  | Found a transporter.
 34759 | Snake:2  | Noticed Jorgrun
 34789 | Snake:2  | Noticed Vashnia
 34793 | Snake:2  | Killed Jorgrun
 35311 | Snake:2  | Killed Vashnia
 35312 | Snake:2  | Reached XP level 18. HP: 51/171 MP: 18/18
 35759 | Snake:2  | Found a runed translucent door.
 35946 | Snake:2  | Found Wexkokk's Jewellery Shoppe.
 35947 | Snake:2  | Found Zanueth's Book Boutique.
 35948 | Snake:2  | Found Wuohy's Jewellery Shoppe.
 36399 | Snake:3  | Noticed osoart's ghost (adept VSFi)
 36404 | Snake:3  | Found a transporter.
 36407 | Snake:3  | Found a transporter.
 36618 | Snake:3  | Reached skill level 21 in Axes
 36768 | Snake:3  | Identified the amulet of Egeotod {RegenMP +Blink rCorr
                  | Int-3 Slay+4}
 36845 | Snake:3  | Identified the serpent talisman of the Screaming Gods {rF-
                  | Str+6 Int+4}
 36845 | Snake:3  | Noticed Aizul
 36853 | Snake:3  | Killed Aizul
 36888 | Snake:3  | Noticed Kirke
 36916 | Snake:3  | Killed Kirke
 37353 | Snake:4  | Entered Level 4 of the Snake Pit
 37905 | Snake:4  | Found Neocy's Distillery.
 38653 | Snake:4  | HP: 6/179 [nagaraja/bolt of poison (27)]
 38653 | Snake:4  | HP: 2/179 [naga sharpshooter/bolt (2)]
 38653 | Snake:4  | Demolished by a nagaraja

Illustrated notes

Levels and vault maps discovered:
D:1:      lightli_arrival_statue_moat, layout_loops_ring,
          basic_ecumenical_altar, chequers_avenue
D:2:      layout_basic, serial_shops, shop, serial_bayou_pond_e,
          guppyfry_early_lair_pool
D:3:      layout_basic, lemuel_tele_altar, cheibrodos_sewer_entry_bend,
          minmay_rat_hole, uniq_jessica
D:4:      layout_loops_ring, kennysheep_mini_moat, serial_shops,
          nicolae_shop_hallway_stairs, lightli_ossuary_entry_decrepit_ruins
D:5:      layout_gridville, mainiacjoe_overflow_24_doors,
          chequers_serial_rivers_small_b, minmay_a_box_with_orc_wizards_in_it,
          uniq_edmund, uniq_ijyb, uniq_pikel, uniq_duvessa,
          uniq_crazy_yiuf_cottage, uniq_blork_the_orc
D:6:      layout_basic, uniq_grinder, uniq_maggie, uniq_menkaure
D:7:      layout_basic, minmay_temple_entry_from_below_a
D:8:      layout_loops_cross, bloody_trog, david_lair_generic, enter_bailey_2
D:9:      layout_cave_pools, mainiacjoe_overflow_tiny_flanked,
          minmay_misc_feat_chi
D:10:     layout_cave_pods, minitemple, kennysheep_orc_monster_closet_entryway,
          serial_shops, nicolae_shop_window_shopping, uniq_gastronok
D:11:     layout_basic
D:12:     layout_rooms, enter_trove_5
D:13:     layout_long_grid
D:14:     layout_long_grid, hellmonk_vaults_attempted_burglary, serial_shops,
          nicolae_shop_tiny_glass, nicolae_sextant,
          portal_ice_cave_entry_pillars_four
Temple:   nicolae_temple_superstar
Lair:1:   gammafunk_indiana_jones, layout_loops_ring, beast_lair_carwin_7
Lair:2:   layout_cave_pods, skrybe_swamp_entry_bodies,
          alex1729_snake_entry_snake, grunt_megastairs_2,
          infiniplex_staircase_pool, uniq_harold
Lair:3:   wander_river, layout_regular_city, grunt_megastairs_5
Lair:4:   layout_regular_city, chequers_serial_rivers_marsh, uniq_nessos
Lair:5:   minmay_lair_end_enchanted_forest, layout_cave_pods, slime_entry_1,
          gammafunk_ghost_wrathful_warriors, uniq_josephine, uniq_urug
Swamp:1:  layout_basic_swamp, nicolae_swamp_rocky_clearing
Swamp:2:  layout_basic_swamp, hangedman_swamp_ruin_wall, swamp_pool_1_2,
          nicolae_swamp_decorative_isthmus, nicolae_swamp_long_stream
Swamp:3:  layout_falls_marsh, nicolae_swamp_round_clearing, swamp_pool_3,
          st_swamp_ruins_3, nicolae_swamp_tree_isthmus
Swamp:4:  swamp_alternative, layout_basic_swamp
Snake:1:  kennysheep_six_static_rooms, layout_onion, grunt_ministairs_1,
          nicolae_snake_horde_hoard, serial_bayou_shore_b, minmay_shop_star
Snake:2:  gammafunk_sealed_arena, layout_layer_cave, lightli_airlock,
          minmay_shop_grove, uniq_vashnia, uniq_jorgrun
Snake:3:  layout_layer_cave, gammafunk_ghost_arena,
          nicolae_snake_round_shape_thing, uniq_aizul, uniq_kirke
Snake:4:  grunt_snake_rune_serpentine_throne, layout_chambers, serial_shops,
          shop, nicolae_snake_gridmaze_swirls,
          nicolae_shop_i_like_small_books_too, hangedman_snake_corridor_cut
Orc:1:    layout_caves
Orc:2:    grunt_orc_gardens, layout_caves, grunt_orc_garden, grunt_orc_garden,
          grunt_orc_garden, grunt_orc_garden, mines2_lemuel, uniq_saint_roka

Skill      XL: |  1  2  3  4  5  6  7  8  9 10 11 12 13 14 15 16 17 18 |
---------------+-------------------------------------------------------+-----
Axes           | 3 4 5 6 7 9 11 12 14 15 17 18 19 20 21 | 21.7
Fighting       | 4 5 6 7 9 10 11 13 14 15 17 18 19 20 | 20.3
Armour         | 4 5 7 8 9 11 12 13 14 15 16 17 18 | 18.8
Shields        | 4 5 6 8 9 10 12 13 14 15 16 17 18 | 18.7

Action                     |  1- 3 |  4- 6 |  7- 9 | 10-12 | 13-15 | 16-18 || total
---------------------------+-------+-------+-------+-------+-------+-------++-------
  Melee: War axe           |    99 |   203 |   211 |   514 |   619 |  1059 ||  2705
         Broad axe         |       |       |       |       |   225 |   160 ||   385
 Invoke: Call Merchant     |       |       |       |     2 |     3 |     2 ||     7
  Evoke: Condenser vane    |       |     1 |     1 |     2 |     1 |     2 ||     7
         Wand              |       |       |     3 |     3 |     6 |     7 ||    19
         Phial of floods   |       |       |       |       |       |     1 ||     1
    Use: Scroll            |     6 |     4 |     8 |    14 |     8 |     9 ||    49
         Potion            |       |     2 |     1 |     4 |     2 |     6 ||    15
   Stab: Distracted        |       |       |     1 |     6 |    15 |     9 ||    31
         Confused          |       |       |       |     3 |       |     2 ||     5
         Invisible         |       |       |       |       |     1 |       ||     1
 Armour: Scale mail        |    42 |       |       |       |       |       ||    42
         Chain mail        |    26 |   208 |   135 |   251 |   409 |   968 ||  1997
  Dodge: Dodged            |    33 |    94 |    52 |    71 |   104 |   256 ||   610
  Block: Buckler           |    19 |    62 |    17 |       |       |       ||    98
         Tower shield      |       |       |    58 |   380 |   821 |  1396 ||  2655
         Reflection        |       |       |       |    12 |    48 |   100 ||   160

Table legend: (Time is in decaauts)
 A = Elapsed time spent in this place.
 B = Non-inter-level travel time spent in this place.
 C = Inter-level travel time spent in this place.
 D = Time resting spent in this place.
 E = Time spent auto-exploring this place.
 F = Levels seen in this place.
 G = Mean time per level.
                   A        B        C        D        E       F      G
               +--------+--------+--------+--------+--------+-----+--------+
         Total |  38706 |  36098 |   2608 |  10037 |  18786 |  33 | 1172.9 |
       Dungeon |  15815 |  13917 |   1898 |   3397 |   7678 |  14 | 1129.6 |
        Temple |     68 |     43 |     25 |      0 |      0 |   1 |   68.0 |
          Lair |   5214 |   4925 |    289 |    392 |   3552 |   5 | 1042.8 |
         Swamp |   5165 |   4954 |    211 |   1675 |   2157 |   4 | 1291.2 |
     Snake Pit |   5499 |   5394 |    105 |    517 |   3720 |   4 | 1374.8 |
  Orcish Mines |   4598 |   4520 |     78 |   2874 |   1155 |   2 | 2299.0 |
         Sewer |   1122 |   1122 |      0 |    611 |    247 |   1 | 1122.0 |
       Ossuary |    228 |    228 |      0 |      0 |     69 |   1 |  228.0 |
        Bailey |    993 |    993 |      0 |    571 |    206 |   1 |  993.0 |
               +--------+--------+--------+--------+--------+-----+--------+

Top non-repeatable levels by time:
   Orc:1: 3235 daAuts
     D:5: 2313 daAuts
    D:13: 1971 daAuts
 Snake:2: 1901 daAuts
 Swamp:3: 1839 daAuts
    D:10: 1697 daAuts
 Swamp:2: 1578 daAuts
  Lair:5: 1408 daAuts
   Orc:2: 1362 daAuts
    D:11: 1353 daAuts
 Snake:1: 1332 daAuts
 Snake:4: 1243 daAuts
   Sewer: 1122 daAuts
  Lair:3: 1086 daAuts
     D:8: 1065 daAuts
